 Dungeon Crawl Stone Soup version 0.29.1-15-g9cfb28693d (webtiles) character file.

Game seed: 15527336246177853541

61 protoss039 the Digger (level 3, -1/27 HPs)
             Began as a Demonspawn Earth Elementalist on Mar 12, 2023.
             Slain by an iron imp (8 damage)
             ... summoned by Natasha
             ... on level 2 of the Dungeon.
             The game lasted 00:01:39 (1368 turns).

protoss039 the Digger (DsEE)                        Turns: 1368, Time: 00:01:40

Health: -1/27      AC:  6    Str:  8    XL:     3   Next: 83%
Magic:  7/7        EV: 12    Int: 18    God:
Gold:   165        SH:  0    Dex: 13    Spells: 4/7 levels left

rFire   . . .      SeeInvis .   i - +0 short sword
rCold   . . .      Faith    .   (no shield)
rNeg    . . .      Spirit   .   a - +0 robe
rPois   .          Reflect  .   (no helmet)
rElec   .          Harm     .   (no cloak)
rCorr   .          Rampage  .   j - +0 pair of gloves
Will    .....                   h - +0 pair of boots
Stlth   ++........              c - amulet of the acrobat
HPRegen 0.09/turn               (no ring)
MPRegen 0.10/turn               (no ring)

@: slowed, very slow
A: hooves 1, yellow scales 1
a: no special abilities


You were on level 2 of the Dungeon.
You visited 1 branch of the dungeon, and saw 2 of its levels.

You collected 165 gold pieces.

Inventory:

Hand Weapons
 i - a +0 short sword (weapon)
Armour
 a - a +0 robe (worn)
 h - a +0 pair of boots (worn)
 j - a +0 pair of gloves (worn)
Jewellery
 c - an amulet of the acrobat (around neck)
Potions
 b - 2 potions of magic
 e - 2 potions of haste {unknown}
 f - a potion of brilliance {unknown}
 g - 2 potions of lignification {unknown}


   Skills:
 + Level 1.8 Fighting
 - Level 1.7 Dodging
 - Level 1.7 Stealth
 + Level 2.7 Spellcasting
 - Level 0.8 Transmutations
 + Level 3.3 Earth Magic


You had 4 spell levels left.
You knew the following spells:

 Your Spells              Type           Power      Damage    Failure   Level
a - Sandblast             Erth           28%        2d8       4%          1
b - Passwall              Tmut/Erth      8%         N/A       11%         2

Your spell library contained the following spells:

 Spells                   Type           Power      Damage    Failure   Level
 Stone Arrow              Conj/Erth      16%        3d8       26%         3
 Petrify                  Tmut/Erth      10%        N/A       56%         4


Dungeon Overview and Level Annotations

Branches:
Dungeon (2/15) Zot: 10608

Altars:
Trog

Annotations:
D:2 Natasha


Innate Abilities, Weirdness & Mutations

You have large cloven feet.
You are partially covered in yellow scales. (AC +2)


Message History

Casting: Sandblast (safe; 4% risk of failure)
Confirm with . or Enter, or press ? or * to list all spells.
You don't have enough magic to cast this spell.
Unknown command.
You feel better. The rat bites you. The iron imp closely misses you.
Natasha stares at you and mumbles some strange words.
You resist with significant effort.
The crimson imp blinks!
The iron imp hits you. The rat misses you.
Unknown command.
Casting: Sandblast (safe; 4% risk of failure)
Confirm with . or Enter, or press ? or * to list all spells.
Aiming: Sandblast (safe; 4% risk of failure)
Press: ? - help, Shift-Dir - straight line, f/p - Natasha
Aim: Natasha (77% to hit)
The blast of sand hits Natasha but does no damage.
The goblin shouts!
Natasha extends her claws.
Natasha claws you but does no damage. The rat closely misses you.
The iron imp puffs mist at you. The iron imp hits you.
* * * LOW HITPOINT WARNING * * *
The iron imp hits you.
* * * LOW HITPOINT WARNING * * *
Natasha closely misses you. The rat closely misses you.
The iron imp closely misses you. The iron imp misses you.
Unknown command.
You feel better.
The crimson imp disappears in a puff of smoke!
Natasha hisses.
Natasha barely misses you.
The rat twitches its whiskers.
The rat bites you but does no damage. The iron imp completely misses you.
The iron imp closely misses you. Natasha closely misses you.
The rat misses you.
Unknown command.
Magic courses through your body.
Natasha wildly gestures.
Natasha's front paws start to glow.
Natasha barely misses you. The iron imp hits you!
You die...

P...............#
................#
#..............##
#.........†....#
#...........!..#
#..............+
#####..............#
......r............+
##...§@...........#
#.g.h55..........#
.<.................#
...................#
...................
......(..........
....._..........
...............


You could see 2 iron imps, Natasha, a goblin and a rat.

Vanquished Creatures
  Natasha (D:2)
  An adder (D:2)
  A worm (D:2)
  A dart slug (D:1)
  4 ball pythons
  2 endoplasms
  A giant cockroach (D:2)
  A goblin (D:2)
  A hobgoblin (D:1)
  2 quokkas (D:1)
  3 bats
  3 frilled lizards (D:1)
  2 kobolds
  3 rats (D:1)
26 creatures vanquished.

Vanquished Creatures (others)
  4 toadstools (D:1)
4 creatures vanquished.

Grand Total: 30 creatures vanquished

Notes
Turn   | Place    | Note
-------+----------+-------------------------------------------
     0 | D:1      | protoss039 the Demonspawn Earth Elementalist began the
                  | quest for the Orb.
     0 | D:1      | Reached XP level 1. HP: 13/13 MP: 3/3
   414 | D:1      | Gained mutation: You are partially covered in yellow
                  | scales. (AC +2) [demonic ancestry]
   414 | D:1      | Reached XP level 2. HP: 12/20 MP: 0/5
   598 | D:1      | Reached skill level 1 in Fighting
   632 | D:1      | Reached skill level 3 in Earth Magic
   989 | D:1      | Learned a level 2 spell: Passwall
  1180 | D:2      | Noticed Natasha
  1186 | D:2      | Killed Natasha
  1187 | D:2      | Gained mutation: You have large cloven feet. [demonic
                  | ancestry]
  1187 | D:2      | Reached XP level 3. HP: 21/27 MP: 1/7
  1352 | D:2      | Noticed Natasha
  1356 | D:2      | Found a bloodstained altar of Trog.
  1368 | D:2      | Slain by an iron imp

Illustrated notes

Levels and vault maps discovered:
D:1:      lightli_arrival_statue_moat, layout_loops_ring,
          minmay_gold_behind_fungi
D:2:      layout_basic, basic_altar, minmay_statues_item,
          nicolae_concentric_dashed_squares_wild, uniq_natasha,
          uniq_crazy_yiuf_cottage

Skill      XL: |  1  2 |
---------------+-------+-----
Fighting       | 1 |  1.8
Earth Magic    | 3 |  3.3
Dodging        | |  1.7
Stealth        | |  1.7
Spellcasting   | |  2.7
Transmutations | |  0.8

Action                   || total
-------------------------++-------
Melee: Unarmed           ||    17
       Short sword       ||     4
 Cast: Sandblast         ||    42
  Use: Potion            ||     4
Armor: Robe              ||    19
Dodge: Dodged            ||    65
